 Dungeon Crawl Stone Soup version 0.29.1-14-g9c671dbff4 (webtiles) character file.

Game seed: 3004689328019072000

3 Heoruswealwe the Caller (level 1, 0/10 HPs)
             Began as a Deep Elf Summoner on Feb 16, 2023.
             Slain by a gnoll
             ... wielding a +0 whip
              (8 damage)
             ... on level 1 of the Dungeon.
             The game lasted 00:01:38 (98 turns).

Heoruswealwe the Caller (Deep Elf Summoner)           Turns: 98, Time: 00:01:38

Health: 0/10       AC:  2    Str:  5    XL:     1   Next: 41%
Magic:  2/6        EV: 12    Int: 19    God:
Gold:   0          SH:  0    Dex: 15    Spells: 5/6 levels left

rFire   . . .      SeeInvis .   d - +0 dagger
rCold   . . .      Faith    .   (no shield)
rNeg    . . .      Spirit   .   a - +0 robe
rPois   .          Reflect  .   (no helmet)
rElec   .          Harm     .   (no cloak)
rCorr   .          Rampage  .   (no gloves)
Will    .....                   (no boots)
Stlth   ++........              (no amulet)
HPRegen 0.03/turn               (no ring)
MPRegen 0.10/turn               (no ring)

@: no status effects
A: no striking features
a: no special abilities


You were on level 1 of the Dungeon.
You visited 1 branch of the dungeon, and saw 1 of its levels.

Inventory:

Hand Weapons
 d - a +0 dagger (weapon)
 f - a +0 club
 g - a +0 whip
 h - a +0 club
Missiles
 e - 4 stones
Armour
 a - a +0 robe (worn)
 c - a +0 barding
Potions
 b - a potion of magic


   Skills:
 - Level 2.4 Dodging
 - Level 2.4 Stealth
 + Level 3.2 Spellcasting
 + Level 4.5 Summonings


You had 5 spell levels left.
You knew the following spells:

 Your Spells              Type           Power      Damage    Failure   Level
a - Summon Small Mammal   Summ           80%        N/A       2%          1

Your spell library contained the following spells:

 Spells                   Type           Power      Damage    Failure   Level
 Call Imp                 Summ           20%        N/A       3%          2
 Call Canine Familiar     Summ           20%        N/A       7%          3
 Summon Guardian Golem    Hex/Summ       11%        N/A       19%         3
 Summon Lightning Spire   Summ/Air       11%        N/A       52%         4


Dungeon Overview and Level Annotations

Branches:
Dungeon (1/15)

Altars:


Message History

You swap places.
Found a club.
You swap places.
e - 4 stones
Things that are here:
a +0 whip; a +0 club; a goblin corpse
f - a +0 club;
g - a +0 whip Your rat disappears in a puff of smoke!
Found 10 gold pieces.
You see here a +0 club.
h - a +0 club Your rat disappears in a puff of smoke!
A gnoll comes into view. It is wielding a +0 whip.
Found a stone staircase leading down.
The gnoll shouts!
Casting: Summon Small Mammal (safe; 2% risk of failure)
Confirm with . or Enter, or press ? or * to list all spells.
The gnoll hits your rat with a +0 whip.
Your rat dies!
Your rat's corpse disappears in a puff of smoke!
Casting: Summon Small Mammal (safe; 2% risk of failure)
Confirm with . or Enter, or press ? or * to list all spells.
Your bat closely misses the gnoll.
The gnoll barely misses your bat.
Casting: Summon Small Mammal (safe; 2% risk of failure)
Confirm with . or Enter, or press ? or * to list all spells.
Your bat closely misses the gnoll.
The gnoll hits your bat with a +0 whip!
Your bat dies!
Your bat's corpse disappears in a puff of smoke!
Casting: Summon Small Mammal (safe; 2% risk of failure)
Confirm with . or Enter, or press ? or * to list all spells.
Your quokka closely misses the gnoll.
The gnoll attacks as you move away! The gnoll barely misses you.
Your quokka barely misses the gnoll.
The gnoll attacks as you move away! The gnoll barely misses you.
Your quokka bites the gnoll but does no damage.
Your quokka closely misses the gnoll.
Your quokka bites the gnoll.
The gnoll hits you with a +0 whip.
Your quokka completely misses the gnoll.
The gnoll attacks as you move away! The gnoll hits you with a +0 whip!
Ouch! That really hurt!
You die...

..# ..# ..## ...## #### #
....## #.. .# .8..8#### #.#
#####.# .
.....'..####.###.#...# #>#
.....'..#..........#####....
.....'....†.....@.r.#....#
.8..8##..........gr..$#
....###...............#
...## #..............## ..##
#..............# ..#
#..............# ..#
##............## ..#
##..........## ♣.#
##..#######


You could see a gnoll (ally target) and 2 friendly quokkas.

Vanquished Creatures (collateral kills)
  2 goblins (D:1)
  A kobold (D:1)
3 creatures vanquished.

Notes
Turn   | Place    | Note
-------+----------+-------------------------------------------
     0 | D:1      | Heoruswealwe the Deep Elf Summoner began the quest for the
                  | Orb.
     0 | D:1      | Reached XP level 1. HP: 10/10 MP: 6/6
    98 | D:1      | Slain by a gnoll

Illustrated notes

Levels and vault maps discovered:
D:1:      kennysheep_arrival_forest, layout_rooms, serial_co_window_serial,
          co_window_paths_a, co_window_of_opportunity_a, co_window_cross_1,
          co_window_paths_a, co_window_of_opportunity_a, co_window_broadway_c,
          co_window_paths_c, co_window_corner_b, co_window_paths_c,
          co_window_unsneaky_path_d, co_window_2corner, co_window_corner_b,
          co_window_paths_e, serial_bayou_crossing

Action                   || total
-------------------------++-------
 Cast: Summon Small Mamm ||     6
Dodge: Dodged            ||     4
